AoeStats
← [GDL] Maldito Pantoja

Arabia

513508560Analyzed
4v4 RM · 4d ago on Oct 14, 2026· 49m 24s· 8 players
Game mode
Random Map
Map size
Large (8 player)
Population
200
Speed
Normal
Resources
Standard
Victory
Conquest
Starting age
Dark Age
Ending age
Imperial Age
RankedLock teamsTeams togetherTeam positionsShared explorationLock speedFull tech treeHidden civsTurbo modeCheats
Victory
Defeat
🇵🇪 Malians · Peru
1345
+14
🇦🇷 Celts · Argentina
1341
+14
🇲🇽 Varangians · Mexico
1283
+16
🇨🇴 Hindustanis · Colombia
1226
+18
vs
🇨🇴 Franks · Colombia
1419
-20
🇲🇽 Saracens · Mexico
1393
-20
🇲🇽 Persians · Mexico
1199
-12
1133
-10
:) YO30830
3:46 Loom
10:20 Feudal Age
15:35 Castle Age
22:41 Bloodlines
24:35 Double-Bit Axe
25:32 Horse Collar
26:54 Scale Barding Armor
30:31 Forging
31:00 Gold Mining
31:17 Husbandry
34:24 Iron Casting
39:05 Heavy Plow
39:18 Bow Saw
39:25 Vendel Legacy
42:30 Scale Mail Armor
42:54 Chain Barding Armor
48:03 Imperial Age
46:11 Wheelbarrow
48:05 Hand Cart
47:36 Town Watch
47:45 Fletching
48:06 Cavalier
49:46 Plate Barding Armor
50:12 Blast Furnace
Saldeath
9:41 Feudal Age
8:53 Loom
10:46 Double-Bit Axe
12:11 Horse Collar
13:03 Forging
18:14 Scale Barding Armor
19:32 Bloodlines
27:22 Wheelbarrow
29:55 Castle Age
33:11 Gold Mining
35:15 Gold Shaft Mining
38:25 Chain Barding Armor
40:02 Iron Casting
47:35 Imperial Age
45:31 Heavy Plow
45:42 Bow Saw
46:26 Hand Cart
46:18 Town Watch
46:25 Stone Mining
46:53 Masonry
47:37 Heavy Camel Rider
48:17 Husbandry
49:19 Blast Furnace
BOT jose
7:02 Loom
9:09 Feudal Age
10:23 Double-Bit Axe
13:45 Wheelbarrow
13:39 Fletching
14:40 Padded Archer Armor
20:31 Castle Age
20:49 Gold Mining
26:27 Gold Shaft Mining
29:32 Scale Barding Armor
30:39 Hand Cart
37:52 Ballistics
38:56 Elite Skirmisher
39:42 Bodkin Arrow
41:08 Chain Barding Armor
41:51 Horse Collar
47:20 Imperial Age
47:00 Leather Archer Armor
47:47 Bloodlines
48:39 Ring Archer Armor
48:53 Forging
ReaperAOE2
6:05 Loom
6:22 Loom
9:22 Feudal Age
14:27 Man-at-Arms
21:08 Scale Mail Armor
23:42 Arson
26:30 Horse Collar
26:37 Double-Bit Axe
27:21 Forging
31:15 Castle Age
31:38 Wheelbarrow
31:21 Pikeman
32:11 Long Swordsman
32:58 Gambesons
34:19 Chain Mail Armor
35:20 Town Watch
35:57 Gold Mining
36:10 Heavy Plow
41:22 Bow Saw
44:02 Imperial Age
44:55 Hand Cart
44:30 Two-Handed Swordsman
46:40 Iron Casting
47:19 Gold Shaft Mining
46:16 Champion
49:31 Plate Mail Armor
50:01 Blast Furnace
[GDL]Cemento
4:43 Loom
20:45 Feudal Age
[GDL] Maldito Pantoja
6:52 Loom
9:37 Feudal Age
14:41 Fletching
20:53 Padded Archer Armor
24:30 Castle Age
23:01 Gold Mining
22:56 Double-Bit Axe
25:06 Bodkin Arrow
25:56 Leather Archer Armor
25:51 Crossbowman
33:29 Wheelbarrow
32:36 Horse Collar
35:37 Thumb Ring
37:54 Hand Cart
45:03 Imperial Age
43:20 Ballistics
44:09 Town Watch
44:35 Bow Saw
45:00 Gold Shaft Mining
44:17 Stone Mining
45:47 Bracer
46:18 Ring Archer Armor
46:52 Chemistry
46:13 Conscription
46:52 Arbalester
[GDL] REVOLVER CANNABIS
7:11 Loom
9:44 Feudal Age
10:26 Double-Bit Axe
17:17 Horse Collar
21:08 Castle Age
20:21 Scale Barding Armor
21:12 Light Cavalry
25:51 Bloodlines
28:07 Husbandry
35:48 Man-at-Arms
36:29 Squires
36:46 Scale Mail Armor
37:29 Bow Saw
37:17 Long Swordsman
39:06 Chain Mail Armor
38:31 Pikeman
[GDL]HULKMEN_GT
6:39 Loom
8:54 Feudal Age
15:54 Forging
22:03 Castle Age
20:49 Gold Mining
20:48 Double-Bit Axe
21:42 Wheelbarrow
21:59 Scale Barding Armor
23:47 Gold Shaft Mining
23:24 Bow Saw
24:23 Iron Casting
26:53 Chain Barding Armor
41:29 Imperial Age
40:46 Stone Mining
41:13 Hand Cart
42:17 Cavalier
43:33 Plate Barding Armor
44:00 Blast Furnace
Connection lost

Rejoining the realm…

Still unreachable

The connection could not be restored.

Session expired

The server has moved on; the page needs a fresh start.